 Dungeon Crawl Stone Soup version 0.19.0-24-gb05acd6 (webtiles) character file.

7594 Gargoyl the Cleaver (level 10, -3/76 HPs)
             Began as a Demonspawn Abyssal Knight on Nov 21, 2016.
             Was a High Priest of Lugonu.
             Slain by a vampire (10 damage)
             ... on level 11 of the Dungeon.
             The game lasted 00:16:12 (9672 turns).

Gargoyl the Cleaver (Demonspawn Abyssal Knight)     Turns: 9672, Time: 00:16:13

Health: -3/76      AC: 19    Str: 20    XL:     10   Next: 97%
Magic:  16/16      EV:  5    Int: 14    God:    Lugonu [*****.]
Gold:   471        SH:  9    Dex: 13    Spells: 0 memorised, 9 levels left

rFire  . . .     SeeInvis .     s - +4 hand axe (drain)
rCold  + . .     Gourm    .     e - +2 plate armour {rPois}
rNeg   . . .     Faith    .     O - +0 shield
rPois  +         Spirit   .     o - +1 hat
rElec  .         Reflect  .     (no cloak)
rCorr  .         Harm     .     P - +1 pair of gloves
MR     .....                    (no boots)
Stlth  ..........               k - amulet of magic regeneration
                                (no ring)
                                E - ring of protection from cold

@: mighty
A: talons 1, demonic guardian 1, spiny 2
a: Depart the Abyss, Bend Space, Banish, Corrupt, Enter the Abyss, Renounce
Religion


You were on level 11 of the Dungeon.
You worshipped Lugonu.
Lugonu was extremely pleased with you.
You were not hungry.

You visited 1 branch of the dungeon, and saw 11 of its levels.
You visited the Abyss 1 time.

You collected 471 gold pieces.

Inventory:

Hand Weapons
 s - a +4 hand axe of draining (weapon)
 A - a cursed -3 war axe
Missiles
 Q - 7 javelins (quivered)
Armour
 e - a +2 plate armour of poison resistance (worn)
 o - a +1 hat (worn)
 O - a +0 shield (worn)
 P - a +1 pair of gloves (worn)
Jewellery
 h - an uncursed amulet of harm {unknown}
 k - an amulet of magic regeneration (around neck)
 E - a ring of protection from cold (left hand)
Wands
 d - a wand of enslavement (20/24)
 t - a wand of slowing (16/48)
 C - a wand of digging (7/24)
 F - a wand of random effects (18/48)
 G - a wand of flame (23/48)
 J - a wand of iceblast (7/15)
 N - a wand of polymorph (10/24)
Scrolls
 r - 2 scrolls of teleportation
 v - a scroll of vulnerability {unknown}
 x - 5 scrolls of remove curse
 y - a scroll of magic mapping
 z - 4 scrolls of identify
 B - 3 scrolls of blinking
 K - a scroll of amnesia
 S - a scroll of fear {unknown}
Potions
 a - 2 potions of heal wounds
 b - a potion of might
 f - 2 potions of degeneration
 g - 2 potions of berserk rage {unknown}
 j - 3 potions of curing {unknown}
 l - 2 potions of flight {unknown}
 n - a potion of resistance {unknown}
 p - a potion of cure mutation {unknown}
 w - 3 potions of lignification
 H - a potion of cancellation {unknown}
 I - 2 potions of mutation {unknown}
 M - a potion of invisibility {unknown}
 R - a potion of agility {unknown}
 T - a potion of brilliance {unknown}
Books
 u - a book of Maledictions

   Spells                             Type                      Level
   a - Corona                         Hexes                        1
   b - Ensorcelled Hibernation        Hexes/Ice                    2
   c - Confuse                        Hexes                        3
   d - Tukima's Dance                 Hexes                        3
   e - Dazzling Spray                 Conjuration/Hexes            3
Comestibles
 c - 7 bread rations
 i - 4 meat rations
 m - a slice of pizza
 q - 10 fruits
 D - 7 beef jerkies
 L - 7 royal jellies


   Skills:
 + Level 6.0 Fighting
 + Level 9.2 Axes
 * Level 9.1 Armour
 + Level 1.6 Dodging
 + Level 3.8 Shields
 * Level 9.2 Invocations


You had 9 spell levels left.
You didn't know any spells.

Dungeon Overview and Level Annotations

Branches:
Dungeon (11/15)            Temple (0/1) D:4            Lair (0/6) D:9
    Orc: D:9-12

Altars:
Cheibriados
Dithmenos
Gozag
Hepliaklqana
Kikubaaqudgha
Okawaru
Qazlal
Ru
Trog
Vehumet
Zin
The Shining One

Annotations:
D:8 exclusion: ice statue


Innate Abilities, Weirdness & Mutations

You have sharp toenails.
A weak demonic guardian rushes to your aid.
You are mostly covered in sharp spines.


Message History

Something bites you.
Something draws strength from your injuries!
You miss something. You block something's attack.
Something bites you but does no damage.
You closely miss something. Your kick misses something. Something hits you!
Something bites you but does no damage.
You miss something. Something hits you. Something bites you.
Something draws strength from your injuries!
You feel very mighty all of a sudden. Something hits you but does no damage.
Something bites you.
Something draws strength from your injuries!
You hit something. Your kick misses something.
Something hits you but does no damage. Something bites you.
* * * LOW HITPOINT WARNING * * *
Something draws strength from your injuries!
You hit something.
Unholy energy fills the air.
* * * LOW HITPOINT WARNING * * *
You slash something! Something hits you but does no damage.
Something bites you!
You die...

.. #.........# #.
#.........# #.
#.........#
#.........#
#.........#
.######.........#
................#
.######.........#
#@######### #{#
#.# #.# #.# #.#
#.# ###


There were no monsters in sight!

Vanquished Creatures
  2 unseen horrors (D:11)
  Pikel (D:6)
  The ghost of loom the Destroyer, a novice DECj of Vehumet (D:7)
  A queen bee (D:9)
  6 yaks (D:8)
  A basilisk (D:11)
  Edmund (D:6)
  Duvessa (D:5)
  3 ice beasts
  4 phantoms
  5 ogres
  3 centaurs
  2 big kobolds
  3 bullfrogs
  A water moccasin skeleton (D:8)
  3 scorpions
  Dowan (D:5)
  16 killer bees (D:9)
  2 crimson imps
  2 centaur zombies
  2 quasits
  5 hounds
  2 jellies
  A bullfrog skeleton (D:8)
  3 orc priests
  9 orc wizards
  4 iguanas
  7 worker ants
  A hound skeleton (D:4)
  A worker ant zombie (D:5)
  A howler monkey skeleton (D:8)
  6 adders
  2 shadow imps
  An ooze (D:1)
  2 adder skeletons
  An adder zombie (D:5)
  3 worms
  3 leopard geckos
  37 orcs
  9 giant cockroaches
  8 goblins
  5 hobgoblins
  9 jackals
  7 quokkas
  6 bats
  4 frilled lizards
  16 kobolds
  4 rats
218 creatures vanquished.

Vanquished Creatures (collateral kills)
  A cyclops (D:11)
  A hippogriff (D:8)
  Menkaure (D:7)
  A sky beast (D:6)
  A phantom (D:7)
  An ogre (D:6)
  A killer bee (D:9)
  An orc priest (D:5)
  An orc (D:8)
9 creatures vanquished.

Vanquished Creatures (others)
  3 slaves (D:6)
  A centaur zombie (D:6)
4 creatures vanquished.

Grand Total: 231 creatures vanquished

Notes
Turn   | Place    | Note
-------+----------+-------------------------------------------
     0 | Abyss:1  | Gargoyl the Demonspawn Abyssal Knight began the quest for the Orb.
     0 | Abyss:1  | Reached XP level 1. HP: 18/18 MP: 2/2
     0 | Abyss:1  | Found a radiant altar of Vehumet.
    54 | Abyss:2  | Noticed a shadow
    59 | D:1      | Escaped the Abyss
   368 | D:1      | Gained mutation: You have sharp toenails. [demonic ancestry]
   368 | D:1      | Reached XP level 2. HP: 24/24 MP: 3/3
   509 | D:1      | Reached * piety under Lugonu
   795 | D:2      | Found a bloodstained altar of Trog.
   803 | D:2      | Reached XP level 3. HP: 20/29 MP: 4/4
  1018 | D:2      | Reached skill level 1 in Dodging
  1514 | D:2      | Found a sacrificial altar of Ru.
  1649 | D:3      | Reached XP level 4. HP: 23/35 MP: 6/6
  2069 | D:3      | Reached ** piety under Lugonu
  2073 | D:3      | Noticed an ogre
  2082 | D:3      | Killed an ogre
  2082 | D:3      | Reached XP level 5. HP: 17/41 MP: 7/7
  2737 | D:4      | Gained mutation: You are partially covered in sharp spines. [demonic ancestry]
  2737 | D:4      | Reached XP level 6. HP: 48/48 MP: 8/8
  2982 | D:4      | Found a staircase to the Ecumenical Temple.
  3038 | D:4      | Found a glowing golden altar of the Shining One.
  3085 | D:4      | Found an opulent altar of Gozag.
  3374 | D:5      | Entered Level 5 of the Dungeon
  3595 | D:5      | Noticed Dowan
  3597 | D:5      | Noticed Duvessa
  3605 | D:5      | Killed Dowan
  3605 | D:5      | Gained mutation: A weak demonic guardian rushes to your aid. [demonic ancestry]
  3605 | D:5      | Reached XP level 7. HP: 53/53 MP: 10/10
  3611 | D:5      | Killed Duvessa
  3611 | D:5      | Reached skill level 5 in Axes
  3883 | D:5      | Found a stormy altar of Qazlal.
  4277 | D:5      | Found a glowing silver altar of Zin.
  4297 | D:5      | Found a hazy altar of Hepliaklqana.
  4327 | D:5      | Found an opulent altar of Gozag.
  4327 | D:5      | Found a radiant altar of Vehumet.
  4364 | D:5      | Reached *** piety under Lugonu
  4374 | D:5      | Gained mutation: You are mostly covered in sharp spines. [demonic ancestry]
  4374 | D:5      | Reached XP level 8. HP: 60/60 MP: 11/11
  4380 | D:5      | Reached skill level 5 in Armour
  4380 | D:5      | Reached skill level 5 in Invocations
  4476 | D:6      | Reached skill level 1 in Shields
  4513 | D:6      | Noticed Pikel
  4513 | D:6      | Noticed Edmund
  4539 | D:6      | Killed Pikel
  4541 | D:6      | Killed Edmund
  4701 | D:6      | Found an ancient bone altar of Kikubaaqudgha.
  5004 | D:6      | You fall through a shaft!
  5116 | D:6      | Reached XP level 9. HP: 45/66 MP: 13/13
  5958 | D:7      | Found a shadowy altar of Dithmenos.
  5961 | D:7      | Noticed Menkaure
  5971 | D:7      | Killed Menkaure
  6244 | D:7      | Noticed loom's ghost (novice DECj)
  6268 | D:7      | Killed loom's ghost
  6286 | D:7      | Reached skill level 5 in Fighting
  6728 | D:8      | Found an iron altar of Okawaru.
  6930 | D:8      | Noticed an ice statue
  7024 | D:8      | Found a snail-covered altar of Cheibriados.
  7348 | D:8      | Reached XP level 10. HP: 50/74 MP: 15/15
  7592 | D:9      | Reached **** piety under Lugonu
  8360 | D:9      | Found a staircase to the Lair.
  8446 | D:10     | Entered Level 10 of the Dungeon
  8789 | D:10     | Reached ***** piety under Lugonu
  9320 | D:11     | Killed an unseen horror
  9401 | D:11     | Noticed a cyclops
  9418 | D:11     | Killed a cyclops
  9627 | D:11     | Killed an unseen horror
  9672 | D:11     | Slain by a vampire

Skill      XL: |  1  2  3  4  5  6  7  8  9 10 |
---------------+-------------------------------+-----
Axes           | 2 3 4 5 6 8 9 |  9.2
Armour         | 2 3 4 6 7 9 |  9.1
Dodging        | 1 |  1.6
Invocations    | 3 4 6 7 9 |  9.2
Fighting       | 4 5 6 |  6.0
Shields        | 1 2 3 |  3.8

Action                   |  1- 3 |  4- 6 |  7- 9 | 10-12 || total
-------------------------+-------+-------+-------+-------++-------
Melee: Hand axe          |   133 |   152 |   249 |   182 ||   716
       Kick              |    26 |    25 |    72 |    57 ||   180
Invok: Depart the Abyss  |     1 |       |       |       ||     1
  Use: Scroll            |       |    13 |     5 |     1 ||    19
       Potion            |       |       |     3 |     2 ||     5
 Stab: Sleeping          |     1 |       |       |       ||     1
       Invisible         |       |       |     2 |       ||     2
       Distracted        |       |       |     1 |       ||     1
  Eat: Chunk             |     2 |     6 |    11 |     5 ||    24
       Royal jelly       |       |       |       |     2 ||     2
Armor: Plate armour      |   111 |   120 |   125 |   151 ||   507
       Skin              |       |       |    29 |       ||    29
Dodge: Dodged            |    28 |    26 |    24 |    32 ||   110
Block: Buckler           |       |     2 |    45 |    25 ||    72
       Shield            |       |       |       |    56 ||    56
